 Dungeon Crawl Stone Soup version 0.31-a0-222-gefeffbb62a (webtiles) character file.

Game seed: 6207928171972182927

5471 Demosthentine the Fighter (level 10, -2/72 HPs)
             Began as a Demonspawn Gladiator on July 5, 2023.
             Was a Follower of Hepliaklqana.
             Slain by a two-headed ogre
             ... wielding a +0 giant spiked club
              (19 damage)
             ... on level 7 of the Dungeon.
             The game lasted 00:08:25 (7197 turns).

Demosthentine the Fighter (Demonspawn Gladiator)    Turns: 7197, Time: 00:08:26

Health: -2/72      AC: 10    Str: 16    XL:     10   Next: 42%
Magic:  0/10       EV: 16    Int: 16    God:    Hepliaklqana [*.....]
Gold:   458        SH:  0    Dex: 17    Spells: 9/9 levels left

rFire   . . .        a - +1 trident
rCold   . . .        (no shield)
rNeg    . . .        g - +0 steam dragon scales
rPois   .            c - +1 helmet
rElec   .            (no cloak)
rCorr   .            o - +0 pair of gloves
SInv    .            (no boots)
Will    .....        k - amulet of the acrobat
Stlth   ++           l - ring of flight
HPRegen 0.32/turn    h - +6 ring of intelligence
MPRegen 0.24/turn

%: acrobat, guardian spirit
@: flying
A: reduced essence, hooves 1, spiny 2, magic shield, magic regeneration,
weakness stinger 2
a: Renounce Religion, Recall Ancestor, Ancestor Identity


You were on level 7 of the Dungeon.
You worshipped Hepliaklqana.
Hepliaklqana was aware of your devotion.
You visited 2 branches of the dungeon, and saw 9 of its levels.
You also visited: Sewer.

You collected 508 gold pieces.
You spent 50 gold pieces at shops.

Inventory:

Hand Weapons
 a - a +1 trident (weapon)
Missiles
 e - 11 javelins
 u - 3 boomerangs
Armour
 c - a +1 helmet (worn)
 g - +0 steam dragon scales (worn)
 o - a +0 pair of gloves (worn)
Jewellery
 h - a +6 ring of intelligence (right hand)
 k - an amulet of the acrobat (around neck)
 l - a ring of flight (left hand)
Wands
 j - a wand of acid (8)
 p - a wand of flame (11)
 q - a wand of paralysis (11)
 s - a wand of iceblast (13)
Scrolls
 d - a scroll of enchant weapon
 f - 4 scrolls of teleportation
 t - 2 scrolls of revelation
 w - a scroll of identify
Potions
 b - a potion of lignification {unknown}
 i - 2 potions of enlightenment
 m - 3 potions of brilliance
 n - 2 potions of haste
 r - a potion of curing
 v - 2 potions of might {unknown}


   Skills:
 + Level 8.1 Fighting
 + Level 7.6 Polearms
 - Level 1.7 Throwing
 + Level 7.0 Armour
 + Level 7.7 Dodging


You had 9 spell levels left.
You didn't know any spells.
Your spell library contained the following spells:

 Spells                   Type           Power      Damage    Failure   Level
 Gell's Gravitas          Tloc           0%         N/A       58%         3
 Ignite Poison            Fire/Tmut/Pois 0%         N/A       58%         3
 Inner Flame              Hex/Fire       0%         N/A       58%         3
 Ozocubu's Armour         Ice            0%         N/A       58%         3
 Teleport Other           Tloc           0%         N/A       58%         3
 Flame Wave               Conj/Fire      0%         2d4       94%         4
 Sticky Flame             Conj/Fire      0%         2d3       94%         4
 Dispersal                Tloc           0%         N/A       100%        6
 Ozocubu's Refrigeration  Ice            0%         4d7       100%        7
 Ignition                 Fire           0%         3d3       100%        8


Dungeon Overview and Level Annotations

Branches:
Dungeon (8/15)             Temple (1/1) D:5           Sewer (visited)
   Lair: D:8-11

Altars:
Ashenzari
Cheibriados
Fedhas
Gozag
Hepliaklqana
Kikubaaqudgha
Makhleb
Nemelex Xobeh
Okawaru
Qazlal
Ru
Sif Muna
Trog
Uskayaw
Vehumet
Wu Jian
Xom
Yredelemnul

Shops:
D:1 *

Annotations:
D:5 2 transporters, 3 runed translucent doors, abessonov's ghost, novice DsNe


Innate Abilities, Weirdness & Mutations

Your life essence is reduced to manifest your ancestor. (-10% HP)
You have large cloven feet.
You are mostly covered in sharp spines.
When hurt, damage is shared between your health and your magic reserves.
You regenerate magic rapidly.
You have a tail ending in a sharp stinger.


Message History

The orc warrior is almost dead.
The two-headed ogre is struck by your spines.
The two-headed ogre hits you with a +0 giant spiked club!
The two-headed ogre misses you.
The orc warrior is struck by your spines.
You kill the orc warrior!
You barely miss the two-headed ogre. Your kick misses the two-headed ogre.
The two-headed ogre is lightly wounded.
Unknown command.
You puncture the two-headed ogre! You kick the two-headed ogre.
You tail-slap the two-headed ogre.
The two-headed ogre is moderately wounded.
Centenhua hits the two-headed ogre.
The two-headed ogre closely misses you.
The two-headed ogre hits you with a +0 giant spiked club.
Unknown command.
You puncture the two-headed ogre! You tail-slap the two-headed ogre.
The two-headed ogre is severely wounded.
Centenhua hits the two-headed ogre.
Unknown command.
You hit the two-headed ogre.
The two-headed ogre is severely wounded.
The two-headed ogre is struck by your spines.
The two-headed ogre hits you with a +0 giant spiked club!!
The two-headed ogre hits you with a +0 giant spiked club!
* * * LOW HITPOINT WARNING * * *
Centenhua hits the two-headed ogre.
Unknown command.
You are too injured to fight recklessly!
Unknown command.
You are too injured to fight recklessly!
Unknown command.
You are too injured to fight recklessly!
You are too injured to fight recklessly!
You hit the two-headed ogre but do no damage.
You kick the two-headed ogre.
The two-headed ogre is severely wounded.
Centenhua hits the two-headed ogre but does no damage.
The two-headed ogre barely misses you.
The two-headed ogre hits you with a +0 giant spiked club!!
You die...

#.........# #.
#.........# #.
#.........# ####.
#.........# #....
#.........#####...#
#.................#
######.####.###........#
#.....O####.###........#
#.###.R@).....'........#
#.# #.#)###.###........#
#.# #.#.# #.# #........#
#.###.#.###.####........
#.....#.................
###########.####.####..#
#########.# #.# ##..
#.........# #.#######
#.######### #.......#


You could see the friendly Centenhua the ancestor and a two-headed ogre (ally
target).

Vanquished Creatures
  2 two-headed ogres (D:6)
  Pikel (D:6)
  3 yaks (D:6)
  A vampire mosquito (D:6)
  A wyvern (D:7)
  A steam dragon (D:7)
  Menkaure (D:5)
  Duvessa (D:6)
  2 water moccasins
  A black bear (D:5)
  2 ice beasts (D:6)
  3 orc warriors
  An ogre (D:6)
  A centaur (D:7)
  2 phantoms
  A bullfrog (D:6)
  2 scorpions
  Dowan (D:6)
  3 wights
  A killer bee (D:6)
  3 howler monkeys (D:7)
  4 hounds
  2 orc priests
  Crazy Yiuf (D:6)
  3 jellies
  Ijyb (D:5)
  3 iguanas
  7 gnolls
  6 adders
  A shadow imp (D:6)
  2 white imps
  2 ufetubi
  5 worms
  4 dart slugs
  13 orcs
  8 endoplasms
  3 giant cockroaches
  9 hobgoblins
  4 jackals (D:1)
  A quokka (D:1)
  11 ball pythons
  14 bats
  A frilled lizard (D:2)
  4 goblins
  7 kobolds
  5 rats
155 creatures vanquished.

Vanquished Creatures (collateral kills)
  A yak (D:6)
  A black bear (D:7)
  A centaur (D:6)
  A bullfrog (D:8)
  3 wights (D:7)
  A sleepcap (D:7)
  A gnoll bouda (D:7)
  An orc (D:6)
10 creatures vanquished.

Vanquished Creatures (others)
  5 ancestors
5 creatures vanquished.

Grand Total: 170 creatures vanquished

Notes
Turn   | Place    | Note
-------+----------+-------------------------------------------
     0 | D:1      | Demosthentine the Demonspawn Gladiator began the quest for
                  | the Orb.
     0 | D:1      | Reached XP level 1. HP: 16/16 MP: 1/1
   208 | D:1      | Gained mutation: You regenerate magic rapidly. [demonic
                  | ancestry]
   208 | D:1      | Reached XP level 2. HP: 22/22 MP: 2/2
   676 | D:1      | Found Lenkul's Assorted Antiques.
   682 | D:1      | Bought a scroll labelled CEUTSU TUNYMN for 25 gold pieces
   682 | D:1      | Bought a scroll labelled UZOB JOHOHECOHI for 25 gold pieces
   879 | D:1      | Reached skill level 1 in Armour
   970 | D:1      | Discovered your monstrous ancestry.
   970 | D:1      | Gained mutation: You have a small tail. [demonic ancestry]
   970 | D:1      | Reached XP level 3. HP: 28/28 MP: 3/3
  1441 | D:2      | Gained mutation: You have a tail ending in a sharp stinger.
                  | [demonic ancestry]
  1441 | D:2      | Reached XP level 4. HP: 32/34 MP: 4/4
  2033 | D:3      | Found a sparkling altar of Nemelex Xobeh.
  2046 | D:3      | Reached skill level 3 in Fighting
  2252 | D:3      | Found a burning altar of Makhleb.
  2313 | D:3      | Found an iron altar of Okawaru.
  2750 | D:4      | Found a glowing drain.
  2757 | D:4      | Gained mutation: You have large cloven feet. [demonic
                  | ancestry]
  2757 | D:4      | Reached XP level 5. HP: 41/41 MP: 5/5
  2779 | Sewer    | Entered a sewer
  2822 | Sewer    | Noticed a water moccasin
  2843 | Sewer    | Killed a water moccasin
  3164 | D:4      | Gained mutation: When hurt, damage is shared between your
                  | health and your magic reserves. [demonic ancestry]
  3164 | D:4      | Reached XP level 6. HP: 47/47 MP: 6/6
  3399 | D:5      | Entered Level 5 of the Dungeon
  3403 | D:5      | Found a staircase to the Ecumenical Temple.
  3436 | Temple   | Entered the Ecumenical Temple
  3684 | Temple   | Became a worshipper of Hepliaklqana the Forgotten
  3858 | D:5      | Found a transporter.
  3963 | D:5      | Reached skill level 4 in Fighting
  4136 | D:5      | Found a shimmering altar of Xom.
  4260 | D:5      | Gained mutation: You are partially covered in sharp spines.
                  | [demonic ancestry]
  4260 | D:5      | Reached XP level 7. HP: 54/54 MP: 5/7
  4323 | D:5      | Found a runed translucent gate.
  4325 | D:5      | Found a runed translucent gate.
  4325 | D:5      | Found a runed translucent gate.
  4329 | D:5      | Noticed abessonov's ghost (novice DsNe)
  4331 | D:5      | Identified the +4 chain mail of Gox Fad {rPois Str+4 Int-2
                  | Dex+2}
  4404 | D:5      | Found a transporter.
  4412 | D:5      | Noticed Menkaure
  4419 | D:5      | Killed Menkaure
  4686 | D:5      | Noticed Ijyb
  4688 | D:5      | Paralysed by Ijyb for 5 turns
  4702 | D:5      | Paralysed by Ijyb for 2 turns
  4708 | D:5      | Killed Ijyb
  4776 | D:5      | Reached * piety under Hepliaklqana
  5166 | D:6      | Noticed a two-headed ogre
  5176 | D:6      | Killed a two-headed ogre
  5177 | D:6      | Reached skill level 5 in Fighting
  5177 | D:6      | Reached skill level 5 in Polearms
  5177 | D:6      | Reached skill level 5 in Dodging
  5177 | D:6      | Gained mutation: You are mostly covered in sharp spines.
                  | [demonic ancestry]
  5177 | D:6      | Reached XP level 8. HP: 43/57 MP: 5/8
  5179 | D:6      | Noticed a two-headed ogre
  5181 | D:6      | Noticed Pikel
  5199 | D:6      | Killed Pikel
  5200 | D:6      | Reached skill level 6 in Fighting
  5200 | D:6      | Reached skill level 5 in Armour
  5200 | D:6      | Reached XP level 9. HP: 42/62 MP: 6/9
  5222 | D:6      | Killed a two-headed ogre
  5353 | D:6      | Reached skill level 7 in Fighting
  5368 | D:6      | HP: 3/64 [orc warrior/+0 glaive (15)]
  5630 | D:6      | Found a runed translucent door.
  5631 | D:6      | Noticed Crazy Yiuf
  5719 | D:6      | Found a hide-covered altar of Uskayaw.
  5735 | D:6      | Noticed Duvessa
  5736 | D:6      | Noticed Dowan
  5746 | D:6      | Killed Duvessa
  5750 | D:6      | Killed Dowan
  5808 | D:6      | Reached XP level 10. HP: 71/71 MP: 10/10
  5916 | D:6      | Found a stormy altar of Qazlal.
  6183 | D:6      | Killed Crazy Yiuf
  6298 | D:7      | Found an ornate altar of the Wu Jian Council.
  6909 | D:8      | Noticed a two-headed ogre
  6928 | D:7      | Reached skill level 8 in Fighting
  7197 | D:7      | Slain by a two-headed ogre

Illustrated notes

Levels and vault maps discovered:
D:1:      minmay_arrival_arboretum_large, layout_basic, serial_shops, shop
D:2:      layout_basic, nrook_mini_vaults, minmay_misc_feat_chi,
          kennysheep_flooded_box, hangedman_feature_mirror
D:3:      layout_basic, mainiacjoe_overflow_paths, lemuel_round_altar,
          mainiacjoe_overflow_small_starburst
D:4:      layout_loops_cross, cheibrodos_sewer_entry_drain, serial_aquarium,
          aquarium_bridge_straight [aquarium_subvault_bridge,
          aquarium_subvault_balcony, aquarium_subvault_bridge,
          aquarium_subvault_wall], aquarium_window_fake, aquarium_window_fake,
          aquarium_window_1, aquarium_view_2g, aquarium_balcony_3b,
          minmay_misc_feat_nine_boxes
D:5:      gammafunk_steamed_eel, layout_basic, tgw_xom,
          minmay_temple_entry_mini_moons, biasface_ghost_orc_armoury,
          uniq_menkaure, uniq_ijyb
D:6:      layout_loops_cross, mainiacjoe_overflow_large_starburst,
          corexii_hall_statues_l, kb_rosetta, uniq_pikel,
          uniq_crazy_yiuf_cottage, uniq_duvessa
D:7:      layout_basic, nzn_wu_jian_council_hall
D:8:      cheibrodos_grave_circle, layout_gridville, gammafunk_ghost_arena,
          minmay_alternating_orb, uniq_joseph, uniq_grum
Temple:   oiseaux_autumnal_temple

Skill      XL: |  1  2  3  4  5  6  7  8  9 10 |
---------------+-------------------------------+-----
Dodging        | 3 4 5 6 7 |  7.7
Polearms       | 3 4 5 6 7 |  7.6
Armour         | 1 2 3 4 5 6 7 |  7.0
Fighting       | 3 4 5 6 7 8 |  8.1
Throwing       | |  1.7

Action                     |  1- 3 |  4- 6 |  7- 9 | 10-12 || total
---------------------------+-------+-------+-------+-------++-------
  Melee: Trident           |   127 |   176 |   163 |    86 ||   552
         Tailslap          |     4 |    18 |    29 |    11 ||    62
         Punch             |     1 |       |     1 |     3 ||     5
         Kick              |       |    13 |    48 |    23 ||    84
  Throw: Throwing net      |       |     3 |     2 |       ||     5
    Use: Scroll            |     3 |     6 |     2 |     2 ||    13
         Potion            |       |     4 |     1 |       ||     5
   Stab: Sleeping          |     2 |     2 |     2 |     1 ||     7
         Distracted        |       |       |     3 |     2 ||     5
 Armour: Leather armour    |    26 |    49 |    24 |       ||    99
         Steam dragon scal |       |       |       |    13 ||    13
  Dodge: Dodged            |    76 |   124 |    68 |    73 ||   341

Table legend: (Time is in decaauts)
 A = Elapsed time spent in this place.
 B = Non-inter-level travel time spent in this place.
 C = Inter-level travel time spent in this place.
 D = Time resting spent in this place.
 E = Time spent auto-exploring this place.
 F = Levels seen in this place.
 G = Mean time per level.
                   A        B        C        D        E       F      G
               +--------+--------+--------+--------+--------+-----+--------+
         Total |   7243 |   7048 |    195 |    479 |   5144 |  10 |  724.3 |
       Dungeon |   6763 |   6568 |    195 |    479 |   4795 |   8 |  845.4 |
        Temple |    276 |    276 |      0 |      0 |    219 |   1 |  276.0 |
         Sewer |    203 |    203 |      0 |      0 |    130 |   1 |  203.0 |
               +--------+--------+--------+--------+--------+-----+--------+

Top non-repeatable levels by time:
     D:5: 1394 daAuts
     D:6: 1185 daAuts
     D:1: 1122 daAuts
     D:7: 912 daAuts
     D:4: 774 daAuts
     D:3: 731 daAuts
     D:2: 601 daAuts
  Temple: 276 daAuts
   Sewer: 203 daAuts
     D:8: 41 daAuts
